 Dungeon Crawl Stone Soup version 0.30-a0-996-ga6910c8ee8 (webtiles) character file.

Game seed: 15872519822678137251

119 kae the Ruffian (level 5, -7/44 HPs)
             Began as a Naga Transmuter on Apr 4, 2023.
             Succumbed to a water moccasin's poison
             ... in a sewer.
             The game lasted 00:02:55 (2443 turns).

kae the Ruffian (Naga Transmuter)                   Turns: 2443, Time: 00:02:55

Health: -7/44      AC:  2    Str: 13    XL:     5   Next: 3%
Magic:  7/9        EV: 18    Int: 15    God:
Gold:   98         SH:  0    Dex: 16    Spells: 3/9 levels left

rFire   . . .      SeeInvis +      - Unarmed
rCold   . . .      Faith    .    (shield currently unavailable)
rNeg    . . .      Spirit   .    a - melded +0 robe
rPois   x          Reflect  .    (helmet currently unavailable)
rElec   .          Rampage  .    (cloak currently unavailable)
rCorr   .                        (gloves currently unavailable)
Will    .....                    (no barding)
Stlth   +                        (no amulet)
HPRegen 0.27/turn                (no ring)
MPRegen 0.11/turn                (no ring)

@: brilliant, lethally poisoned (-7 -> -64), spider-form (expiring)
A: venomous fangs, AC +1, tiny, see invisible, (deformed body), (poison
resistance), (slowness 2), spit poison 1, (naga tail 1)
a: Spit Poison, End Transformation


You were in a sewer.
You were a venomous arachnid creature.
You visited 1 branch of the dungeon, and saw 4 of its levels.
You also visited: Sewer.

You collected 98 gold pieces.


Innate Abilities, Weirdness & Mutations

You are a venomous arachnid creature.
You have venomous fangs.
You are tiny and dextrous.
Your spellcasting is less reliable in this form.
Your armour is entirely melded.
You are incapable of wielding weapons or throwing items.
((Your serpentine skin is tough. (AC +1)))
You have supernaturally acute eyesight. (SInv)
((Armour fits poorly on your strangely shaped body.))
((Your system is resistant to poisons. (rPois)))
((You cover ground very slowly.))
You can spit poison.
((You have a snake-like lower body.))


   Skills:
 - Level 1.0 Fighting
 - Level 1.5 Dodging
 + Level 3.5 Unarmed Combat
 + Level 2.7 Spellcasting
 * Level 3.5 Transmutations
 * Level 2.3 Poison Magic


You had 3 spell levels left.
You knew the following spells:

 Your Spells              Type           Power      Damage    Failure   Level
a - Beastly Appendage     Tmut           38%        N/A       14%         1
b - Wereblood             Tmut           19%        N/A       21%         2
c - Spider Form           Tmut/Pois      16%        N/A       38%         3

Your spell library contained the following spells:

 Spells                   Type           Power      Damage    Failure   Level
 Call Canine Familiar     Summ           3%         N/A       73%         3
 Dazzling Flash           Conj/Hex       6%         N/A       73%         3
 Portal Projectile        Hex/Tloc       6%         N/A       73%         3
 Ice Form                 Ice/Tmut       11%        N/A       86%         4
 Leda's Liquefaction      Hex/Erth       1%         N/A       97%         4
 Agony                    Necr           3%         N/A       100%        5
 Silence                  Hex/Air        1%         N/A       100%        5

Inventory:

Missiles
 e - 6 silver boomerangs
 h - 19 stones
 i - 5 boomerangs
Armour
 a - a +0 robe (melded)
Jewellery
 F - a ring of fire
   (You took it off an orc on level 3 of the Dungeon)
 R - a ring of resist corrosion
   (You found it on level 2 of the Dungeon)
Scrolls
 c - 2 scrolls of fog
 d - a scroll of teleportation {@r4}
 f - a scroll of fear {unknown}
Potions
 b - a potion of lignification {!q}
 j - a potion of mutation {!q}
 k - 2 potions of curing {unknown}
 l - a potion of degeneration {unknown}
 o - 2 potions of attraction {!q}

Dungeon Overview and Level Annotations

Branches:
Dungeon (4/15) Zot: 21025   Sewer (1/1) Zot: 5906
 Temple: D:4-7

Altars:
Xom

# # # # ########
## ###....~.### .#
###.~~~...~sS###
.#
###..~~.####.~...#
.###.~.~.###
###.~~~.#
~..~..~~## #......
.###...~~# ~.~.##
.# ###.~~.~#
.~##.! .# ###.~..~
## ) ## ##.... #
####


You could see a water moccasin.


Message History

Okay, then.
Found a glowing drain.
A worm comes into view.
Casting: Beastly Appendage (safe; 4% risk of failure)
Confirm with . or Enter, or press ? or * to list all spells.
You turn into a venomous arachnid creature.
Your +0 robe melds into your body.
You hear the slow rusting of a drain. 😎 MP[-3]
You lost 3 mp, and now have 6/9 mp.
You enter the shallow water.
Moving in this stuff is going to be slow.
Your unstable footing causes you to fumble your attack. 😎 MP[+1]
You bite the worm!
The worm is poisoned.
Your transformation is almost over.
The worm misses you.
Your unstable footing causes you to fumble your attack.
The worm splashes around in the water.
Unknown command.
Your unstable footing causes you to fumble your attack.
You hit the worm.
The worm looks as sick as possible!
The worm bites you. 😕 HP[-6]
You take 6 damage, and now have 38/44 hp.
You hit the worm.
You kill the worm! 😕 HP[+1] Unknown command.
There is a glowing drain here. 😕 HP[+1] MP[+1]
The world spins around you as you enter the gateway.
You enter a sewer!
Your transformation has ended.
Your +0 robe unmelds from your body.
Found a gate leading back out of this place.
There is an empty arch of ancient stone here.
You enter the shallow water.
You enter the shallow water.
d - a scroll of teleportation {@r4} 😎 HP[+4] MP[+1]
Your hp is fully restored (44).
Your mp is fully restored (9).
Unknown command.
f - a scroll labelled GOTSYO URYIRE
g - a fuming brown potion You enter the shallow water.
You enter the shallow water.
You enter the shallow water.
You enter the shallow water.
You enter the shallow water.
A water moccasin comes into view.
The water moccasin hisses angrily.
A water moccasin is nearby!
A water moccasin is nearby!
A water moccasin is nearby!
Casting: Spider Form (dangerous; 19% risk of failure)
Confirm with . or Enter, or press ? or * to list all spells.
You turn into a venomous arachnid creature.
Your +0 robe melds into your body. 😎 MP[-3]
You lost 3 mp, and now have 6/9 mp.
Okay, then.
You closely miss the water moccasin.
The water moccasin completely misses you.
You closely miss the water moccasin.
The water moccasin bites you but does no damage.
Unknown command.
You bite the water moccasin! The water moccasin barely misses you.
The water moccasin bites you.
You are poisoned.
The water moccasin poisons you! 😕 HP[-5]
You take 5 damage, and now have 39/44 hp.
You hit the water moccasin.
You feel very sick. The water moccasin bites you.
You are more poisoned.
The water moccasin poisons you! 😕 HP[-4]
You take 4 damage, and now have 35/44 hp.
You hit the water moccasin.
You feel extremely sick. The water moccasin bites you!
* * * LOW HITPOINT WARNING * * *
😨 HP[-15]
You take 15 damage, and now have 20/44 hp.
MASSIVE DAMAGE!! (PAUSE)
You hit the water moccasin.
Your transformation is almost over.
* * * LOW HITPOINT WARNING * * *
You feel very sick. The water moccasin bites you!
* * * LOW HITPOINT WARNING * * *
You are more poisoned.
The water moccasin poisons you!
The water moccasin misses you. 😱 HP[-14]
You take 14 damage, and now have 6/44 hp.
MASSIVE DAMAGE!! (PAUSE) It was a potion of brilliance.
You feel clever all of a sudden.
You die...

Skill      XL: |  1  2  3  4 |
---------------+-------------+-----
Transmutations | 3 |  3.5
Poison Magic   | 1 2 |  2.3
Fighting       | |  1.0
Dodging        | |  1.5
Unarmed Combat | |  3.5
Spellcasting   | |  2.7

Action                     |  1- 3 |  4- 6 || total
---------------------------+-------+-------++-------
  Melee: Unarmed           |   103 |    48 ||   151
         Headbutt          |    10 |     3 ||    13
         Punch             |     2 |       ||     2
   Cast: Beastly Appendage |    22 |     9 ||    31
         Spider Form       |     1 |     3 ||     4
         Wereblood         |     1 |       ||     1
Ability: Spit Poison       |    27 |     9 ||    36
    Use: Scroll            |     1 |     7 ||     8
         Potion            |       |     3 ||     3
 Armour: Robe              |    20 |     4 ||    24
         Skin              |     2 |     1 ||     3
  Dodge: Dodged            |    66 |    25 ||    91

Levels and vault maps discovered:
D:1:      dpeg_arrival_fog, layout_rooms, dk_noncrumbling_4
D:2:      layout_rooms
D:3:      minmay_skewed_foursquare, layout_rooms, mainiacjoe_overflow_brackets,
          hellmonk_ecumenical_altar_inner_sanctum
D:4:      layout_basic, cheibrodos_sewer_entry_bend
Sewer:    sewer_the_moccasin

Notes
Turn   | Place    | Note
-------+----------+-------------------------------------------
     0 | D:1      | kae the Naga Transmuter began the quest for the Orb.
     0 | D:1      | Reached XP level 1. HP: 18/18 MP: 3/3
     0 | D:1      | magus.rc [v1.11.3]
   170 | D:1      | Reached XP level 2. HP: 25/25 MP: 3/5
   415 | D:1      | You pick up a book of the Hunter and begin reading...
   415 | D:1      | You add the spells Call Canine Familiar, Portal Projectile
                  | and Leda's Liquefaction to your library.
   704 | D:2      | Learned a level 2 spell: Wereblood
   724 | D:2      | Reached XP level 3. HP: 30/31 MP: 4/6
   728 | D:2      | Learned a level 3 spell: Spider Form
   903 | D:2      | Reached skill level 3 in Transmutations
   951 | D:2      | Identified the +4 leather armour of Peffuiph {Int+4}
  1279 | D:3      | Reached skill level 1 in Poison Magic
  1379 | D:3      | Reached XP level 4. HP: 27/38 MP: 7/7
  1479 | D:3      | You pick up a book of the Senses and begin reading...
  1479 | D:3      | You add the spells Dazzling Flash, Agony and Silence to
                  | your library.
  1755 | D:3      | Found a shimmering altar of Xom.
  1941 | D:3      | Found a faded altar of an unknown god.
  2122 | D:3      | Reached skill level 2 in Poison Magic
  2216 | D:3      | Reached XP level 5. HP: 44/44 MP: 7/9
  2345 | D:4      | Found a glowing drain.
  2369 | Sewer    | Entered a sewer
  2434 | Sewer    | Noticed a water moccasin
  2442 | Sewer    | HP: 6/44 [water moccasin (9)]
  2443 | Sewer    | Succumbed to a water moccasin's poison

Vanquished Creatures
  3 gnolls (D:3)
  2 adders
  A worm (D:4)
  2 dart slugs
  5 orcs (D:3)
  6 ball pythons
  A bat (D:1)
  4 endoplasms
  2 giant cockroaches
  A goblin (D:1)
  4 hobgoblins
  8 jackals
  3 kobolds (D:1)
  4 quokkas
  3 frilled lizards
  8 rats
57 creatures vanquished.

Table legend:
 A = Non-vault XP
 B = Vault XP
 C = Vault XP percentage of total XP
 D = Non-vault monster count
 E = Vault monster count
 F = Vault count percentage of total count
                 A         B        C        D         E       F
            +---------+---------+-------+---------+---------+-------
      Total |     161 |       9 |   5.3 |      54 |       3 |   5.3
            +---------+---------+-------+---------+---------+-------
        D:1 |      32 |       0 |   0.0 |      19 |       0 |   0.0
        D:2 |      25 |       0 |   0.0 |       8 |       0 |   0.0
        D:3 |     104 |       4 |   3.7 |      27 |       2 |   6.9
        D:4 |       0 |       5 | 100.0 |       0 |       1 | 100.0
            +---------+---------+-------+---------+---------+-------

Illustrated notes

Table legend:
 A = Kills in this place as a percentage of kills in the entire game.
 B = Kills by you in this place as a percentage of kills by you in the entire game.
 C = Kills by friends in this place as a percentage of kills by friends in the entire game.
 D = Other kills in this place as a percentage of other kills in the entire game.
 E = Experience gained in this place as a percentage of experience gained in the entire game.
 F = Experience gained in this place divided by the number of levels of this place that you have seen.
                   A       B       C       D       E      F
               +-------+-------+-------+-------+-------+----------------------
         Total | 100.0 | 100.0 |   N/A |   N/A | 100.0 |  34.0
       Dungeon | 100.0 | 100.0 |   N/A |   N/A | 100.0 |  42.5
               +-------+-------+-------+-------+-------+----------------------

Table legend: (Time is in decaauts)
 A = Elapsed time spent in this place.
 B = Non-inter-level travel time spent in this place.
 C = Inter-level travel time spent in this place.
 D = Time resting spent in this place.
 E = Time spent auto-exploring this place.
 F = Levels seen in this place.
 G = Mean time per level.
                   A        B        C        D        E       F      G
               +--------+--------+--------+--------+--------+-----+--------+
         Total |   3067 |   2980 |     87 |     75 |   2388 |   5 |  613.4 |
       Dungeon |   2974 |   2887 |     87 |     75 |   2308 |   4 |  743.5 |
         Sewer |     93 |     93 |      0 |      0 |     80 |   1 |   93.0 |
               +--------+--------+--------+--------+--------+-----+--------+

Top non-repeatable levels by time:
     D:3: 1423 daAuts
     D:1: 884 daAuts
     D:2: 597 daAuts
   Sewer: 93 daAuts
     D:4: 68 daAuts
